[Event "Titled Tuesday Blitz May 25 2021"]
[White "Abdusattorov, Nodirbek"]
[Black "Remolar Gallen, Jose"]
[WhiteFideId "14204118"]
[BlackFideId "2215187"]
[WhiteElo "2662"]
[BlackElo "2203"]
[Result "1-0"]
[Round "01"]
[TimeControl "180+1"]
[Date "2021.05.25"]
[WhiteClock "0:02:17"]
[BlackClock "0:01:34"]

1. d4 Nf6 2. c4 g6 3. g3 Bg7 4. Bg2 O-O 5. Nc3 d6 6. e3 Nbd7 7. Nge2 c6 8. O-O Qc7 9. b4 e5 10. b5 Re8 11. a4 exd4 12. Nxd4 Nb6 13. bxc6 Nxc4 14. Ncb5 Qb6 15. a5 Nxa5 16. Nxd6 Rd8 17. Rxa5 Rxd6 18. Rb5 Qxb5 19. Nxb5 Rxd1 20. Rxd1 bxc6 21. Rd8+ Bf8 22. Bxc6 Bb7 23. Rxa8 Bxa8 24. Bxa8 Bc5 25. Bb2 Nd7 26. Bc6 Nb6 27. Nxa7 Nc4 28. Bd4 1-0


[Site "https://www.chess.com"]

[Event "Titled Tuesday Blitz May 25 2021"]
[White "Andrews, Todd"]
[Black "Trimitzios, Petros"]
[WhiteFideId "2012456"]
[BlackFideId "25808796"]
[WhiteElo "2359"]
[BlackElo "2049"]
[Result "0-1"]
[Round "01"]
[TimeControl "180+1"]
[Date "2021.05.25"]
[WhiteClock "0:00:07"]
[BlackClock "0:00:24"]

1. e4 e5 2. Nf3 Nc6 3. d4 exd4 4. Nxd4 Qf6 5. c3 Bc5 6. Be3 Nge7 7. Bc4 d6 8. O-O Bb6 9. Na3 O-O 10. f4 Be6 11. Qf3 Nxd4 12. cxd4 Bxd4 13. Bxe6 Bxe3+ 14. Qxe3 fxe6 15. Rac1 Nc6 16. Nb5 Rf7 17. e5 dxe5 18. fxe5 Qe7 19. Rxf7 Qxf7 20. Rf1 Qd7 21. Qf3 a6 22. Nc3 h6 23. h3 Qd4+ 24. Kh1 Qxe5 25. Qf7+ Kh7 26. Rf4 Nd4 27. Re4 Qd6 28. Rg4 Nf5 29. Ne4 Qe5 30. Qg6+ Kh8 31. Qf7 Rd8 32. Nc3 b5 33. a3 c5 34. Re4 Ng3+ 35. Kg1 Nxe4 0-1


[Site "https://www.chess.com"]

[Event "Titled Tuesday Blitz May 25 2021"]
[White "Annaberdiyev, Babageldi"]
[Black "Astafurov, Arseniy"]
[WhiteFideId "14000385"]
[BlackFideId "24175218"]
[WhiteElo "2332"]
[BlackElo "2163"]
[Result "1-0"]
[Round "01"]
[TimeControl "180+1"]
[Date "2021.05.25"]
[WhiteClock "0:01:11"]
[BlackClock "0:00:18"]

1. e4 e6 2. d4 d5 3. e5 c5 4. c3 Qb6 5. Nf3 Nc6 6. a3 Nh6 7. b4 cxd4 8. cxd4 Nf5 9. Bb2 Bd7 10. g4 Nfe7 11. Nc3 Na5 12. Nd2 Rc8 13. Rc1 Nc4 14. Bxc4 dxc4 15. Nce4 Ng6 16. Nxc4 Rxc4 17. Rxc4 Be7 18. h4 O-O 19. h5 Nf4 20. Qf3 Qa6 21. Rc7 Nd3+ 22. Kd2 Nxb2 23. Rxd7 Nc4+ 24. Ke1 Re8 25. g5 Nxa3 26. Nf6+ gxf6 27. Rxe7 Rxe7 28. gxf6 Nc2+ 29. Kd2 Nxd4 30. Qg4+ Kf8 31. fxe7+ Kxe7 32. Qxd4 1-0


[Site "https://www.chess.com"]

[Event "Titled Tuesday Blitz May 25 2021"]
[White "Araujo Sanchez, Josue"]
[Black "Milanovic, Vojislav"]
[WhiteFideId "6416896"]
[BlackFideId "905046"]
[WhiteElo "2140"]
[BlackElo "2354"]
[Result "1-0"]
[Round "01"]
[TimeControl "180+1"]
[Date "2021.05.25"]
[WhiteClock "0:01:21"]
[BlackClock "0:00:30"]

1. Nf3 Nf6 2. e3 g6 3. c4 c5 4. b3 Bg7 5. Bb2 O-O 6. Be2 b6 7. O-O Bb7 8. d3 d5 9. cxd5 Nxd5 10. Bxg7 Kxg7 11. Qc2 Nc6 12. a3 e5 13. Nbd2 Qe7 14. Rfc1 Rac8 15. Rab1 Rfd8 16. Qb2 f6 17. Ne4 h6 18. Ng3 f5 19. Bf1 Nf6 20. Nh4 Kh7 21. Nf3 Na5 22. b4 cxb4 23. axb4 Nc6 24. b5 Na5 25. Qxe5 Qg7 26. d4 Bxf3 27. gxf3 h5 28. Bd3 Re8 29. Rxc8 Rxc8 30. h4 Re8 31. Qf4 Nd5 32. Qg5 Qf6 33. Qxf6 Nxf6 34. Ne2 Rc8 35. Rc1 Rxc1+ 36. Nxc1 Nd5 37. Kf1 Kg7 38. f4 Kf6 39. Ke2 Nc3+ 40. Kd2 Nd5 41. f3 Nb4 42. Bb1 Nd5 43. Ba2 Nc7 44. e4 fxe4 45. fxe4 Nxb5 46. Ke3 Nc3 47. Bg8 Nd1+ 48. Kf3 Nc3 49. Nd3 Nc6 50. d5 Nd4+ 51. Ke3 Ndb5 52. Be6 a5 53. e5+ Ke7 54. Bg8 a4 55. d6+ Nxd6 56. exd6+ Kxd6 57. Kd4 Ne2+ 58. Ke3 Ng3 59. Ne5 Nf5+ 60. Kf3 Nxh4+ 61. Kg3 Nf5+ 62. Kh3 Ne7 63. Ba2 b5 64. Nd3 Nc6 65. Kh4 b4 66. Bc4 b3 67. Kg5 Ne7 68. Ne5 b2 69. Ba2 a3 70. Nxg6 Nxg6 71. Kxg6 h4 72. f5 h3 73. f6 h2 74. f7 h1=Q 75. f8=Q+ Kc6 76. Qa8+ Kb5 77. Qxh1 1-0


[Site "https://www.chess.com"]

[Event "Titled Tuesday Blitz May 25 2021"]
[White "Aravindh, Chithambaram VR."]
[Black "Navalgund, Niranjan"]
[WhiteFideId "5072786"]
[BlackFideId "5030854"]
[WhiteElo "2600"]
[BlackElo "2290"]
[Result "1-0"]
[Round "01"]
[TimeControl "180+1"]
[Date "2021.05.25"]
[WhiteClock "0:01:13"]
[BlackClock "0:02:36"]

1. Nf3 Nf6 2. b3 g6 3. Bb2 Bg7 4. g3 O-O 5. Bg2 b6 6. O-O Bb7 7. c4 c6 8. d4 d5 9. Nbd2 Nbd7 10. Qc2 Rc8 11. Rac1 Rc7 12. cxd5 Nxd5 13. e4 Nb4 14. Qb1 c5 15. a3 Nc6 16. d5 Nce5 17. Nxe5 Nxe5 18. f4 Ng4 19. Bxg7 Kxg7 20. Qb2+ Kg8 21. Nc4 f5 22. Qe2 fxe4 23. Qxg4 Bxd5 24. Rcd1 e6 25. Bxe4 Rd7 26. Ne5 1-0


[Site "https://www.chess.com"]

[Event "Titled Tuesday Blitz May 25 2021"]
[White "Asis Gargatagli, Hipolito"]
[Black "Guliev, Logman"]
[WhiteFideId "2260735"]
[BlackFideId "13400061"]
[WhiteElo "2557"]
[BlackElo "2128"]
[Result "1-0"]
[Round "01"]
[TimeControl "180+1"]
[Date "2021.05.25"]
[WhiteClock "0:00:17"]
[BlackClock "0:00:04"]

1. e4 c5 2. Nf3 d6 3. d4 cxd4 4. Nxd4 Nf6 5. Nc3 a6 6. f3 e5 7. Nb3 Be6 8. Be3 Nbd7 9. Qd2 Nb6 10. O-O-O d5 11. Bxb6 Qxb6 12. Nxd5 Nxd5 13. exd5 Rd8 14. Qe1 Bxd5 15. Qxe5+ Qe6 16. Qc3 Qh6+ 17. Kb1 Be7 18. Bc4 Bxc4 19. Qxc4 O-O 20. Qc7 Rxd1+ 21. Rxd1 Bf6 22. Nc5 Qg5 23. Ne4 Qe5 24. Qxe5 Bxe5 25. h3 f5 26. Nc5 Rc8 27. Nd3 Bd4 28. c3 Bf6 29. Re1 g6 30. Kc2 Kf7 31. Re2 Rd8 32. Nc5 b6 33. Nxa6 Ra8 34. Nb4 Ra5 35. a3 g5 36. Rd2 h5 37. Nd5 Bd8 38. Ne3 f4 39. Nc4 Rf5 40. Nd6+ Kg6 41. Nxf5 Kxf5 42. Rxd8 1-0


[Site "https://www.chess.com"]

[Event "Titled Tuesday Blitz May 25 2021"]
[White "Atanasov, Anthony"]
[Black "Petriashvili, Nikoloz"]
[WhiteFideId "2623897"]
[BlackFideId "13611216"]
[WhiteElo "1889"]
[BlackElo "2430"]
[Result "0-1"]
[Round "01"]
[TimeControl "180+1"]
[Date "2021.05.25"]
[WhiteClock "0:01:24"]
[BlackClock "0:02:18"]

1. d4 Nf6 2. Nf3 g6 3. Bf4 Bg7 4. e3 O-O 5. Be2 b6 6. O-O Bb7 7. c4 d6 8. Nc3 Nbd7 9. Qc2 Re8 10. Rfd1 Qc8 11. e4 e5 12. dxe5 dxe5 13. Bg3 Nc5 14. Nd2 Nfd7 15. b4 Ne6 16. Nb3 Nd4 17. Nxd4 exd4 18. Nb5 Bxe4 19. Bd3 Bxd3 20. Qxd3 Ne5 21. Bxe5 Bxe5 22. Nxd4 Qd7 23. f4 Bxd4+ 24. Qxd4 Re1+ 25. Kf2 Qxd4+ 26. Kxe1 Re8+ 0-1


[Site "https://www.chess.com"]

[Event "Titled Tuesday Blitz May 25 2021"]
[White "Baches Garcia, Guillermo"]
[Black "Abdrlauf, Elham"]
[WhiteFideId "2209764"]
[BlackFideId "1533533"]
[WhiteElo "2414"]
[BlackElo "2326"]
[Result "0-1"]
[Round "01"]
[TimeControl "180+1"]
[Date "2021.05.25"]
[WhiteClock "0:00:02"]
[BlackClock "0:00:09"]

1. e4 c6 2. c4 d5 3. exd5 cxd5 4. cxd5 Nf6 5. Nc3 g6 6. Bc4 Bg7 7. Nf3 O-O 8. O-O Nbd7 9. Qb3 Nb6 10. d3 Bg4 11. Ne5 Qc7 12. Re1 Rac8 13. Nb5 Qb8 14. Nxg4 Nxg4 15. g3 Ne5 16. Bf4 Nf3+ 17. Kg2 Nxe1+ 18. Rxe1 Qa8 19. Nc7 Rxc7 20. Bxc7 Bf6 21. Bxb6 axb6 22. Qxb6 Rd8 23. h4 Rd6 24. Qb3 Qa5 25. Re4 Rb6 26. Qd1 Rxb2 27. h5 Qc5 28. Qf3 Kg7 29. hxg6 hxg6 30. Re2 Rb1 31. Qe4 b5 32. Bb3 Qc1 33. Kf3 Bg5 34. Qd4+ Kh7 35. Rc2 Qd1+ 36. Ke4 Qg4+ 37. f4 Re1+ 0-1


[Site "https://www.chess.com"]

[Event "Titled Tuesday Blitz May 25 2021"]
[White "Baradaran, Arman"]
[Black "Costachi, Mihnea"]
[WhiteFideId "880515"]
[BlackFideId "1217518"]
[WhiteElo "2132"]
[BlackElo "2479"]
[Result "0-1"]
[Round "01"]
[TimeControl "180+1"]
[Date "2021.05.25"]
[WhiteClock "0:00:39"]
[BlackClock "0:02:11"]

1. d4 Nf6 2. c4 g6 3. Nc3 Bg7 4. e4 O-O 5. Be2 d6 6. Be3 Na6 7. g4 c5 8. d5 e6 9. g5 Nh5 10. Bxh5 gxh5 11. Qxh5 Nb4 12. Rd1 exd5 13. Nxd5 Nxd5 14. exd5 Qa5+ 15. Kf1 Qxa2 16. Qh4 Bf5 17. Ne2 Qxb2 18. Ng3 Bg6 19. Nh5 Qc2 20. Kg2 Be4+ 21. Kg3 Be5+ 22. f4 Qg2# 0-1


[Site "https://www.chess.com"]

[Event "Titled Tuesday Blitz May 25 2021"]
[White "Batsiashvili, Nino"]
[Black "Lazavik, Denis"]
[WhiteFideId "13602993"]
[BlackFideId "13515110"]
[WhiteElo "2286"]
[BlackElo "2436"]
[Result "0-1"]
[Round "01"]
[TimeControl "180+1"]
[Date "2021.05.25"]
[WhiteClock "0:00:09"]
[BlackClock "0:00:15"]

1. d4 Nf6 2. c4 e6 3. Nc3 Bb4 4. Nf3 c5 5. g3 cxd4 6. Nxd4 O-O 7. Bg2 d5 8. O-O dxc4 9. Ndb5 Nc6 10. Bg5 a6 11. a3 Be7 12. Bxc6 bxc6 13. Nd4 Bb7 14. Nf3 h6 15. Bf4 Nd5 16. Be5 c5 17. Qc2 f6 18. Nxd5 exd5 19. Bf4 Qd7 20. Bxh6 Qg4 21. Be3 Kh8 22. Kg2 Rad8 23. Rfd1 d4 24. Qxc4 Bd5 25. Qa4 Qe4 26. Bxd4 Qxe2 27. Bxc5 Qxf3+ 28. Kf1 Qg2+ 29. Ke2 Bf3+ 30. Ke3 Bxc5+ 31. Kf4 g5+ 32. Kf5 Qh3+ 33. Kg6 Qh7# 0-1


[Site "https://www.chess.com"]

[Event "Titled Tuesday Blitz May 25 2021"]
[White "Begunov, Konstantin"]
[Black "Ibrahimli, Murad"]
[WhiteFideId "4118510"]
[BlackFideId "13410229"]
[WhiteElo "2262"]
[BlackElo "2109"]
[Result "0-1"]
[Round "01"]
[TimeControl "180+1"]
[Date "2021.05.25"]
[WhiteClock "0:00:01"]
[BlackClock "0:00:16"]

1. d4 Nf6 2. c4 g6 3. f3 Nh5 4. g3 c5 5. dxc5 Na6 6. Bd2 Bg7 7. Bc3 Bxc3+ 8. Nxc3 O-O 9. e4 Nxc5 10. Qd4 d6 11. O-O-O Be6 12. Bh3 Rc8 13. Kb1 Ng7 14. Nd5 Rc6 15. Rc1 Bxd5 16. exd5 Ra6 17. Qc3 Qb6 18. Ne2 Na4 19. Qb3 Qf2 20. Rc2 Nc5 21. Qc3 Na4 22. Qe1 Qxf3 23. Nd4 Qd3 24. Nb3 Nb6 25. Nc1 Qd4 26. Qxe7 Nxc4 27. Qxb7 Na3+ 28. bxa3 Rb6+ 29. Qxb6 Qxb6+ 30. Nb3 a5 31. a4 Qb4 32. Rd1 Qxa4 33. Rd4 Qb5 34. Rcc4 Re8 35. Bg4 Re1+ 36. Kb2 h5 37. Bf3 Nf5 38. Re4 Rxe4 39. Rxe4 a4 40. Be2 Qb6 41. Rxa4 Qf2 42. Re4 Ne3 43. Nc1 Nxd5 44. a4 Qb6+ 0-1


[Site "https://www.chess.com"]

[Event "Titled Tuesday Blitz May 25 2021"]
[White "Bendayan Claros, Aaron"]
[Black "Kosteniuk, Alexandra"]
[WhiteFideId "3803392"]
[BlackFideId "4128125"]
[WhiteElo "2166"]
[BlackElo "2521"]
[Result "0-1"]
[Round "01"]
[TimeControl "180+1"]
[Date "2021.05.25"]
[WhiteClock "0:00:03"]
[BlackClock "0:00:30"]

1. d4 Nf6 2. Bg5 e6 3. e4 h6 4. Bxf6 Qxf6 5. c3 e5 6. Nf3 Nc6 7. dxe5 Nxe5 8. Nxe5 Qxe5 9. Nd2 d5 10. Be2 dxe4 11. Qa4+ Bd7 12. Qxe4 Qxe4 13. Nxe4 O-O-O 14. O-O-O Be7 15. Bf3 Be6 16. b3 Ba3+ 17. Kc2 a5 18. c4 Bf5 19. Rxd8+ Rxd8 20. Rd1 Re8 21. Re1 c6 22. Re2 Kc7 23. g4 Bh7 24. h3 f5 25. gxf5 Bxf5 26. Bg2 g5 27. f3 Bb4 28. Kd3 Rd8+ 29. Ke3 Rd1 30. f4 a4 31. fxg5 hxg5 32. Nxg5 axb3 33. axb3 Rb1 34. Kf4 Bd3 35. Re3 Bd2 36. Ne6+ Kd6 37. Nd4 Re1 38. Nf5+ Bxf5 0-1


[Site "https://www.chess.com"]

[Event "Titled Tuesday Blitz May 25 2021"]
[White "Boskovic, Drasko"]
[Black "Kollars, Dmitrij"]
[WhiteFideId "927368"]
[BlackFideId "12909572"]
[WhiteElo "2388"]
[BlackElo "2576"]
[Result "0-1"]
[Round "01"]
[TimeControl "180+1"]
[Date "2021.05.25"]
[WhiteClock "0:01:01"]
[BlackClock "0:00:16"]

1. d4 Nf6 2. Bg5 Ne4 3. Bf4 c5 4. d5 Qb6 5. Nc3 Qxb2 6. Nxe4 Qb4+ 7. c3 Qxe4 8. e3 e6 9. f3 Qxd5 10. Qc2 Be7 11. e4 Qc6 12. Nh3 O-O 13. c4 d5 14. Bd3 dxc4 15. Bxc4 b5 16. Be2 c4 17. O-O e5 18. Bg3 Bxh3 19. gxh3 Bc5+ 20. Kh1 Bd4 21. Rad1 Qe6 22. f4 Nc6 23. Bg4 Qh6 24. Qg2 c3 25. Rd3 Rad8 26. Bd1 Nb4 27. Rdf3 Qc6 28. fxe5 c2 29. Bxc2 Qxc2 30. Bf2 Nd3 31. e6 Nxf2+ 32. R3xf2 Qc7 33. exf7+ Kh8 34. Rf5 Qe7 35. e5 b4 36. Qe4 Qe6 37. Qh4 Bc5 38. Rh5 h6 39. Qe4 Rxf7 40. Rhf5 Rxf5 41. Rxf5 Qd5 42. Qxd5 Rxd5 43. Rf7 Rxe5 44. Kg2 Re2+ 0-1


[Site "https://www.chess.com"]

[Event "Titled Tuesday Blitz May 25 2021"]
[White "Calin, Alexandru"]
[Black "Kamsky, Gata"]
[WhiteFideId "1222961"]
[BlackFideId "2000024"]
[WhiteElo "1993"]
[BlackElo "2644"]
[Result "0-1"]
[Round "01"]
[TimeControl "180+1"]
[Date "2021.05.25"]
[WhiteClock "0:00:24"]
[BlackClock "0:01:38"]

1. d4 d5 2. c4 c6 3. Nc3 Nf6 4. Nf3 a6 5. cxd5 cxd5 6. g3 Bf5 7. Bg2 e6 8. O-O Nc6 9. Bg5 Be7 10. h3 h6 11. Bf4 O-O 12. Ne5 Rc8 13. Nxc6 Rxc6 14. Rc1 Qd7 15. Qb3 Rfc8 16. Na4 b5 17. Rxc6 Rxc6 18. Nc3 b4 19. Na4 Bc2 20. Nb6 Qb7 21. Nxd5 Bxb3 22. Nxe7+ Qxe7 23. Bxc6 Bxa2 0-1


[Site "https://www.chess.com"]

[Event "Titled Tuesday Blitz May 25 2021"]
[White "Cardoso Cardoso, Jose Gabriel"]
[Black "Carroll, Thomas"]
[WhiteFideId "4430492"]
[BlackFideId "450111"]
[WhiteElo "2343"]
[BlackElo "1950"]
[Result "1-0"]
[Round "01"]
[TimeControl "180+1"]
[Date "2021.05.25"]
[WhiteClock "0:00:10"]
[BlackClock "0:00:07"]

1. Nf3 Nf6 2. b3 g6 3. Bb2 Bg7 4. e3 O-O 5. d4 d6 6. Be2 Nbd7 7. c4 c6 8. Nc3 Qc7 9. O-O e5 10. Qc2 a5 11. Rfd1 Rd8 12. Rac1 exd4 13. Nxd4 Ne5 14. h3 d5 15. f4 Ned7 16. cxd5 cxd5 17. Nxd5 Nxd5 18. Qxc7 Nxc7 19. Rxc7 Nb6 20. Bf3 Nd5 21. Bxd5 Rxd5 22. Rdc1 Rd8 23. Kf2 a4 24. b4 a3 25. Bxa3 Bxd4 26. exd4 Be6 27. R1c3 Ra7 28. b5 Rda8 29. Bd6 Rxa2+ 30. Rc2 Bd5 31. Be5 Rxc2+ 32. Rxc2 Ra2 33. Rxa2 Bxa2 34. g4 Bc4 35. Ke3 Bxb5 36. d5 Kf8 37. Kd4 Ke8 38. Kc5 Ba4 39. Kb6 Bb3 40. d6 Kd7 41. Kxb7 Bd5+ 42. Kb6 Bg2 43. h4 Bf3 44. g5 Be4 45. Kc5 Bf3 46. Bc3 Bg4 47. Bb4 Bf5 48. Kd4 Be6 49. Ke5 Bc4 50. Kf6 Bb3 51. Kg7 Bc4 52. Kxh7 Be6 53. Kg7 Bd5 54. f5 gxf5 55. h5 f4 56. g6 fxg6 57. h6 f3 58. Bc5 g5 59. h7 g4 60. h8=Q g3 61. Qf8 g2 62. Qe7+ Kc6 63. Qc7+ Kb5 64. Bf2 1-0


[Site "https://www.chess.com"]

[Event "Titled Tuesday Blitz May 25 2021"]
[White "Chernomordik, Pavel"]
[Black "Preotu, Razvan"]
[WhiteFideId "2804530"]
[BlackFideId "2613280"]
[WhiteElo "2299"]
[BlackElo "2407"]
[Result "0-1"]
[Round "01"]
[TimeControl "180+1"]
[Date "2021.05.25"]
[WhiteClock "0:00:02"]
[BlackClock "0:00:06"]

1. e4 c5 2. Nc3 d6 3. f4 g6 4. Nf3 Bg7 5. Bb5+ Bd7 6. Bxd7+ Qxd7 7. O-O Nc6 8. d3 e6 9. f5 Nf6 10. fxe6 fxe6 11. Qe1 O-O-O 12. h3 Nh5 13. Be3 h6 14. a3 Nd4 15. Bxd4 cxd4 16. Ne2 Qb5 17. Qb4 Qc5 18. Nfxd4 Ng3 19. Qxc5+ dxc5 20. Nxe6 Nxf1 21. Nxd8 Rxd8 22. Rxf1 Bxb2 23. a4 Rd6 24. Nf4 Ra6 25. Nd5 Rxa4 26. Rf8+ Kd7 27. Rf7+ Kc6 28. Rh7 Bd4+ 29. Kh2 b5 30. Rxh6 Be5+ 31. g3 b4 32. Rxg6+ Kb5 33. Re6 Bb8 34. Re8 Bd6 35. Rd8 Be5 36. Re8 Bd4 37. Rb8+ Kc6 38. Rc8+ Kb7 39. Rc7+ Kb8 40. Rf7 Ra2 41. h4 Rxc2+ 42. Kh3 b3 0-1


[Site "https://www.chess.com"]

[Event "Titled Tuesday Blitz May 25 2021"]
[White "De Waele, Warre"]
[Black "dropstoneDP"]
[WhiteFideId "241156"]
[WhiteElo "2183"]
[BlackElo "2990"]
[Result "1-0"]
[Round "01"]
[TimeControl "180+1"]
[Date "2021.05.25"]
[WhiteClock "0:00:35"]
[BlackClock "0:00:02"]

1. d4 Nf6 2. c4 a6 3. g3 c5 4. Nf3 cxd4 5. Nxd4 e5 6. Nc2 d5 7. cxd5 Qxd5 8. Qxd5 Nxd5 9. Bg2 Nb4 10. Nxb4 Bxb4+ 11. Bd2 Bxd2+ 12. Nxd2 Nc6 13. Bxc6+ bxc6 14. Rc1 Be6 15. b3 a5 16. e4 a4 17. Ke2 axb3 18. axb3 Ke7 19. Rxc6 Ra2 20. Rhc1 Bxb3 21. Ke3 Be6 22. R6c2 Ra3+ 23. Rc3 Rc8 24. Rxa3 Rxc1 25. Nf3 f6 26. Ra7+ Kd6 27. Ra6+ Rc6 28. Rxc6+ Kxc6 29. Ne1 Kc5 30. Nd3+ Kd6 31. Ne1 Kc6 32. Nd3 Bc4 33. Ne1 Kc5 34. f4 Kd6 35. Nf3 Bf7 36. Ne1 Be6 37. Nf3 Bc8 38. Nd2 Ba6 39. Nf3 Ke6 40. Nd2 Bb5 41. Nf3 Bc4 42. fxe5 fxe5 43. Ng5+ Kf6 44. Nxh7+ Kg6 45. Nf8+ Kf7 46. Nd7 Ke6 47. Nc5+ Kf6 48. Nd3 Bb5 49. Ne1 Bd7 50. h4 g5 51. Nf3 gxh4 52. gxh4 Bg4 53. Nh2 Bh5 54. Nf1 Ke6 55. Ng3 Bg4 56. Kd3 Kd6 57. Kc4 Ke6 58. Kc5 Bf3 59. Kc6 Bg4 60. Kc7 Ke7 61. h5 Kf6 62. Kd6 Bf3 63. Kd5 Bg4 64. h6 Kg6 65. Nf5 Bxf5 66. exf5+ Kxh6 67. Kxe5 Kg7 68. Ke6 1-0


[Site "https://www.chess.com"]

[Event "Titled Tuesday Blitz May 25 2021"]
[White "Degenbaev, Aziz"]
[Black "Salem, A.R. Saleh"]
[WhiteFideId "13802640"]
[BlackFideId "9301348"]
[WhiteElo "1932"]
[BlackElo "2659"]
[Result "0-1"]
[Round "01"]
[TimeControl "180+1"]
[Date "2021.05.25"]
[WhiteClock "0:00:11"]
[BlackClock "0:00:49"]

1. c4 e6 2. Nc3 d5 3. d3 d4 4. Ne4 f5 5. Ng3 h5 6. h4 Nf6 7. Nh3 Ng4 8. Ng5 Bd6 9. Qc2 Nc6 10. a3 Qe7 11. Bd2 a5 12. Rh3 g6 13. Nh1 O-O 14. O-O-O Nb4 15. axb4 axb4 16. Kb1 c5 17. e3 b6 18. exd4 Qa7 19. Qb3 Bd7 20. dxc5 bxc5 21. d4 Ba4 0-1


[Site "https://www.chess.com"]

[Event "Titled Tuesday Blitz May 25 2021"]
[White "Diaz Camallonga, Carles"]
[Black "The_filthy"]
[WhiteFideId "22235256"]
[WhiteElo "2438"]
[BlackElo "2417"]
[Result "0-1"]
[Round "01"]
[TimeControl "180+1"]
[Date "2021.05.25"]
[WhiteClock "0:01:21"]
[BlackClock "0:01:38"]

1. e4 e6 2. d4 d5 3. Nc3 Nf6 4. Bg5 Be7 5. e5 Nfd7 6. Bxe7 Qxe7 7. f4 a6 8. Nf3 c5 9. Qd2 Nc6 10. dxc5 Nxc5 11. Bd3 b5 12. a3 Bd7 13. O-O Nxd3 14. cxd3 f6 15. Rae1 O-O 16. Qe3 f5 17. Ne2 Be8 18. Ned4 Rc8 19. Nxc6 Rxc6 20. Nd4 Rc8 21. Rc1 Bh5 22. b4 Qa7 23. Nxf5 Qxe3+ 24. Nxe3 Rxc1 25. Rxc1 Rxf4 26. Rc6 Be2 27. Rxe6 d4 28. g3 Rf8 29. Nc2 Bg4 30. Kg2 Bxe6 31. Nxd4 Bd5+ 32. Kg1 Re8 33. Kf2 Rxe5 34. Ne2 Re8 35. Nf4 Bf7 36. h4 Rc8 0-1


[Site "https://www.chess.com"]

[Event "Titled Tuesday Blitz May 25 2021"]
[White "Dobre, Claudiu-Cristian"]
[Black "Samadov, Read"]
[WhiteFideId "1211854"]
[BlackFideId "13417444"]
[WhiteElo "2230"]
[BlackElo "2084"]
[Result "0-1"]
[Round "01"]
[TimeControl "180+1"]
[Date "2021.05.25"]
[WhiteClock "0:01:06"]
[BlackClock "0:00:47"]

1. c4 Nf6 2. Nc3 e6 3. e4 d5 4. e5 Ne4 5. Nf3 Nc6 6. d4 Bb4 7. Qc2 f6 8. Bd3 f5 9. O-O dxc4 10. Bxc4 Nxc3 11. bxc3 Be7 12. a4 b6 13. Qa2 Qd7 14. d5 exd5 15. Rd1 Bb7 16. Bxd5 Kf8 17. Be6 Qxd1+ 0-1


[Site "https://www.chess.com"]

[Event "Titled Tuesday Blitz May 25 2021"]
[White "Dushyant Sharma"]
[Black "Kiselev, Vitaliy"]
[WhiteFideId "25065130"]
[BlackFideId "4194128"]
[WhiteElo "2019"]
[BlackElo "2444"]
[Result "1/2-1/2"]
[Round "01"]
[TimeControl "180+1"]
[Date "2021.05.25"]
[WhiteClock "0:01:11"]
[BlackClock "0:00:26"]

1. e4 c5 2. Nf3 Nc6 3. d4 cxd4 4. Nxd4 e5 5. Nxc6 bxc6 6. Nc3 Nf6 7. Bd3 Be7 8. O-O d6 9. f4 O-O 10. Kh1 Be6 11. Qe1 Qc7 12. fxe5 dxe5 13. Bg5 Ng4 14. Bxe7 Qxe7 15. Qg3 h5 16. h3 h4 17. Qe1 Nh6 18. Qe3 Rab8 19. b3 g5 20. Rae1 f6 21. Nd1 Qd7 22. Qd2 Rbd8 23. Ne3 Kg7 24. Qe2 Bf7 25. Nf5+ Nxf5 26. Rxf5 Bg6 27. Rf2 Qe7 28. Ref1 Rd6 29. a4 Qe8 30. Qe3 Qe7 31. Qc5 Re6 32. Qe3 Rd6 33. Qc5 Re6 34. Qe3 Rd6 1/2-1/2


[Site "https://www.chess.com"]

[Event "Titled Tuesday Blitz May 25 2021"]
[White "Elgersma, Onno"]
[Black "Bortnyk, Olexandr"]
[WhiteFideId "1053531"]
[BlackFideId "14120828"]
[WhiteElo "2464"]
[BlackElo "2723"]
[Result "0-1"]
[Round "01"]
[TimeControl "180+1"]
[Date "2021.05.25"]
[WhiteClock "0:00:06"]
[BlackClock "0:00:05"]

1. d4 d6 2. Nf3 Nf6 3. Bg5 c6 4. e3 Bg4 5. Nbd2 Nbd7 6. Be2 Qc7 7. O-O e5 8. e4 Be7 9. c3 O-O 10. h3 Bh5 11. Qc2 Rad8 12. Rfe1 Rfe8 13. Rad1 h6 14. Bh4 Bg6 15. dxe5 dxe5 16. Bc4 b5 17. Bb3 a5 18. a3 Nc5 19. Bg3 Bd6 20. Ba2 a4 21. Nh4 Bh7 22. Nf5 Nfxe4 23. Nxe4 Bxf5 24. Nf6+ gxf6 25. Qxf5 Bf8 26. Bh4 Bg7 27. Bxf6 Rxd1 28. Rxd1 Ne6 29. Rd3 Kf8 30. Rg3 Bxf6 31. Qxf6 Qd6 32. Qxh6+ Ke7 33. Qh7 Rf8 34. Rd3 Qc5 35. Qh4+ f6 36. Bxe6 Kxe6 37. Qg4+ f5 38. Qg6+ Ke7 39. Qg7+ Ke6 40. Qd7+ Kf6 41. Qd6+ Qxd6 42. Rxd6+ Kg5 43. Rxc6 Rd8 44. Rc5 Rd1+ 45. Kh2 Rd2 46. Rxb5 e4 47. Kg1 Kf4 48. g3+ Kg5 49. g4 Kg6 50. Rxf5 Rxb2 51. Kg2 Rb3 52. Rf4 Rxc3 53. Rxe4 Rxa3 54. Rb4 Ra1 55. Rb8 Kg5 56. Ra8 a3 57. Ra5+ Kf4 58. g5 a2 59. h4 Kg4 60. Ra4+ Kh5 61. f3 Kg6 62. Ra6+ Kf5 63. g6 Rb1 64. Rxa2 Kxg6 65. Ra6+ Kh5 66. Ra4 Rc1 67. Kg3 Rg1+ 68. Kh2 Rb1 69. Re4 Ra1 70. Kh3 Rh1+ 71. Kg3 Rg1+ 72. Kf2 Ra1 73. Kg3 Rg1+ 74. Kf2 Ra1 75. Ke3 Ra3+ 76. Kd4 Rxf3 77. Ke5 Rf8 78. Kd4 Rd8+ 79. Ke3 Ra8 80. Kf3 Ra3+ 81. Kf4 Kxh4 82. Ke5+ Kg5 83. Re1 Ra8 84. Rg1+ Kh4 85. Ke4 Re8+ 86. Kd5 Kh5 87. Kd6 Re4 88. Kd7 Rg4 89. Kd6 Rxg1 0-1


[Site "https://www.chess.com"]

[Event "Titled Tuesday Blitz May 25 2021"]
[White "Enriquack"]
[Black "Timofeev, Artyom"]
[BlackFideId "4140419"]
[WhiteElo "2409"]
[BlackElo "2582"]
[Result "0-1"]
[Round "01"]
[TimeControl "180+1"]
[Date "2021.05.25"]
[WhiteClock "0:00:18"]
[BlackClock "0:00:25"]

1. e4 e6 2. d4 d5 3. Nc3 dxe4 4. Nxe4 Nd7 5. Nf3 Ngf6 6. Bg5 c5 7. dxc5 Bxc5 8. Bxf6 gxf6 9. Nxc5 Qa5+ 10. c3 Qxc5 11. g3 b6 12. Bg2 Bb7 13. O-O Rd8 14. Qa4 a5 15. Rad1 Bc6 16. Qh4 Ke7 17. Rfe1 Bxf3 18. Bxf3 Ne5 19. Be4 h5 20. Qf4 h4 21. a3 hxg3 22. hxg3 a4 23. Bc2 b5 24. Kg2 Nc4 25. Qc1 Rxd1 26. Rxd1 Qc6+ 27. f3 Qc5 28. Rd3 Qh5 29. Qg1 Qh3+ 30. Kf2 Qh2+ 31. Qg2 Qxg2+ 32. Kxg2 Nxb2 33. Rd4 Nc4 34. Bxa4 Ne3+ 35. Kf2 Nf5 36. Bxb5 Nxd4 37. cxd4 Rh2+ 38. Ke3 Ra2 39. a4 Ra3+ 40. Ke4 Kd6 41. g4 Ra1 42. Be8 Ke7 43. Bb5 Re1+ 44. Kf4 Ra1 45. Ke4 Ra3 46. Kf4 Kd6 47. Ke4 e5 48. dxe5+ fxe5 49. Be8 f6 50. Bb5 Ra1 51. Be8 Ke6 52. Bc6 Re1+ 53. Kd3 Rc1 54. Be8 Kd5 55. Bb5 Ra1 56. Ke3 Ra3+ 57. Kf2 Kd4 58. Kg3 Ke3 59. Bc6 Rc3 60. Bb7 Ra3 61. Bc6 Ra1 62. Kh4 Kf4 63. Kh3 Ra3 64. Kg2 Ra2+ 65. Kh3 Rc2 66. Bb7 Rb2 67. Bc6 Ra2 68. Bb5 Kxf3 69. Kh4 Kf4 70. Kh5 e4 0-1


[Site "https://www.chess.com"]